 Dungeon Crawl Stone Soup version 0.27.0-1-g7a089689b8 (webtiles) character file.

Game seed: 1145628706788420857

144066 gimp the Brawler (level 16, -1/126 HPs)
             Began as a Troll Fire Elementalist on Aug 8, 2021.
             Was a High Priest of Hepliaklqana.
             Slain by a seven-headed hydra (12 damage)
             ... called by a spriggan druid
             ... called by a spriggan druid
             ... on level 3 of the Swamp on Aug 9, 2021.
             The game lasted 01:50:33 (24678 turns).

gimp the Brawler (Troll Fire Elementalist)         Turns: 24678, Time: 01:50:33

Health: -1/126     AC:  9    Str: 27    XL:     16   Next: 84%
Magic:  24/25      EV: 12    Int:  6    God:    Hepliaklqana [*****.]
Gold:   1414       SH: 17    Dex: 16    Spells: 16/17 levels left

rFire    + + +     SeeInvis .     - Unarmed
rCold    + . .     Faith    .   e - +0 kite shield
rNeg     . . .     Spirit   .   T - +0 fire dragon scales
rPois    +         Reflect  +   (helmet restricted)
rElec    .         Harm     .   X - scarf {rC+ rF+}
rCorr    +         Rampage  .   (gloves unavailable)
Will     ++...                  (boots unavailable)
Stlth    ..........             g - amulet of Qeach {Reflect Regen+ Dex+2 SH+5}
HPRegen  2.31/turn              f - ring of resist corrosion
MPRegen  0.19/turn              H - ring "Xaj Zee" {rPois rC+ Will+ Str+6 Int-5}

@: corroded
A: reduced essence, large, unfitting armour, claws 3, regeneration 1, shaggy fur
1, tough skin 1
a: Renounce Religion, Recall Ancestor, Ancestor Identity, Transference, Idealise


You were on level 3 of the Swamp.
You worshipped Hepliaklqana.
Hepliaklqana was extremely pleased with you.
You visited 5 branches of the dungeon, and saw 28 of its levels.
You also visited: Gauntlet.

You collected 2544 gold pieces.
You spent 1130 gold pieces at shops.

Inventory:

Hand Weapons
 E - a +0 dagger of electrocution
Missiles
 a - 4 throwing nets (quivered)
 o - 60 poisoned darts
 B - 27 curare-tipped darts
 D - 6 javelins
Armour
 e - a +0 kite shield (worn)
 G - a +0 robe of willpower
 T - +0 fire dragon scales (worn)
 V - the +4 robe of Joppir Goluq {-Cast rElec SInv}
   (You found it in a Gauntlet)

   rElec:     It insulates you from electricity.
   SInv:      It lets you see invisible.
   -Cast:     It prevents spellcasting.
 X - a scarf of resistance (worn)
Jewellery
 f - a ring of resist corrosion (left claw)
 g - the amulet of Qeach (around neck) {Reflect Regen+ Dex+2 SH+5}
   (You acquired it on level 3 of the Swamp)

   [amulet of reflection]

   It reflects blocked missile attacks.
   Dex:       It affects your dexterity (+2).
   Regen:     It increases your rate of health regeneration.
   SH:        It affects your SH (+5).
 q - a ring of see invisible
 w - a ring of protection from fire
 H - the ring "Xaj Zee" (right claw) {rPois rC+ Will+ Str+6 Int-5}
   (You acquired it on level 1 of the Orcish Mines)

   [ring of strength]

   Str:       It affects your strength (+6).
   Int:       It affects your intelligence (-5).
   rC:        It protects you from cold.
   rPois:     It protects you from poison.
   Will:      It increases your willpower.
 J - a ring of positive energy
 R - the ring "Xoroar" {Fly rElec rPois Dex+2}
   (You found it in a Gauntlet)

   [ring of flight]

   Dex:       It affects your dexterity (+2).
   rElec:     It insulates you from electricity.
   rPois:     It protects you from poison.
   Fly:       It grants you flight.
Wands
 k - a wand of charming (21)
 z - a wand of iceblast (27)
 C - a wand of mindburst (37)
 K - a wand of paralysis (39)
 Q - a wand of digging (12)
 U - a wand of flame (17)
 W - a wand of acid (5)
Scrolls
 d - 4 scrolls of magic mapping
 j - 5 scrolls of teleportation
 m - 4 scrolls of vulnerability
 p - 2 scrolls of holy word
 u - 7 scrolls of fog
 v - 7 scrolls of enchant armour
 y - 3 scrolls of immolation
 I - 14 scrolls of identify
 L - a scroll of summoning
Potions
 b - 8 potions of curing
 c - 9 potions of ambrosia
 i - 2 potions of cancellation
 t - 4 potions of heal wounds
 F - 4 potions of might
 M - a potion of invisibility
 O - 4 potions of mutation
 Y - a potion of berserk rage
Miscellaneous
 r - a lightning rod (1/4)


   Skills:
 - Level 5.0 Fighting
 + Level 8.7 Armour
 - Level 10.0 Dodging
 - Level 1.0 Stealth
 - Level 9.0 Shields
 - Level 16.2 Unarmed Combat
 - Level 1.2 Spellcasting
 - Level 0.6 Conjurations
 - Level 2.1 Fire Magic
 * Level 13.7 Invocations
 - Level 7.0 Evocations


You had 16 spell levels left.
You knew the following spells:

 Your Spells              Type           Power      Damage    Failure   Level
a - Apportation           Tloc           0%         N/A       71%         1

Your spell library contained the following spells:

 Spells                   Type           Power      Damage    Failure   Level
 Foxfire                  Conj/Fire      8%         2x1d4     50%         1
 Shock                    Conj/Air       0%         1d3       65%         1
 Animate Skeleton         Necr           0%         N/A       71%         1
 Corona                   Hex            0%         N/A       71%         1
 Pain                     Necr           0%         1d4       71%         1
 Summon Small Mammal      Summ           0%         N/A       71%         1
 Ensorcelled Hibernation  Hex/Ice        0%         N/A       83%         2
 Slow                     Hex            0%         N/A       83%         2
 Conjure Flame            Conj/Fire      2%         6-21      86%         3
 Inner Flame              Hex/Fire       1%         N/A       89%         3
 Ignite Poison            Fire/Tmut/Pois 1%         N/A       92%         3
 Dazzling Flash           Conj/Hex       0%         N/A       95%         3
 Mephitic Cloud           Conj/Pois/Air  0%         N/A       95%         3
 Stone Arrow              Conj/Erth      0%         3d7       95%         3
 Confusing Touch          Hex            0%         N/A       97%         3
 Frozen Ramparts          Ice            0%         1d2       97%         3
 Gell's Gravitas          Tloc           0%         N/A       97%         3
 Lesser Beckoning         Tloc           0%         N/A       97%         3
 Portal Projectile        Hex/Tloc       0%         N/A       97%         3
 Spider Form              Tmut/Pois      0%         N/A       97%         3
 Swiftness                Air            0%         N/A       97%         3
 Teleport Other           Tloc           0%         N/A       97%         3
 Tukima's Dance           Hex            0%         N/A       97%         3
 Vampiric Draining        Necr           0%         2d6       97%         3
 Sticky Flame             Conj/Fire      2%         2d3       99%         4
 Airstrike                Air            0%         N/A       100%        4
 Ice Form                 Ice/Tmut       0%         N/A       100%        4
 Passage of Golubria      Tloc           N/A        N/A       100%        4
 Petrify                  Tmut/Erth      0%         N/A       100%        4
 Summon Ice Beast         Ice/Summ       0%         N/A       100%        4
 Agony                    Necr           0%         N/A       100%        5
 Alistair's Intoxication  Tmut/Pois      0%         N/A       100%        5
 Blade Hands              Tmut           0%         N/A       100%        5
 Bolt of Magma            Conj/Fire/Erth 0%         4d4       100%        5
 Borgnjor's Vile Clutch   Necr/Erth      0%         N/A       100%        5
 Excruciating Wounds      Necr           0%         N/A       100%        5
 Fireball                 Conj/Fire      1%         3d3       100%        5
 Silence                  Hex/Air        0%         N/A       100%        5
 Summon Forest            Summ/Tloc      0%         N/A       100%        5
 Yara's Violent Unravell  Hex/Tmut       0%         3d3       100%        5
 Eringya's Noxious Bog    Tmut/Pois      0%         N/A       100%        6
 Summon Hydra             Summ           0%         N/A       100%        7
 Lehudib's Crystal Spear  Conj/Erth      0%         10d2      100%        8
 Shatter                  Erth           0%         3d5*      100%        9


Dungeon Overview and Level Annotations

Branches:
Dungeon (15/15)            Temple (1/1) D:7            Lair (6/6) D:11
  Swamp (4/4) Lair:4        Snake (0/4) Lair:3        Slime (0/5) Lair:6
    Orc (2/2) D:10         Vaults (0/5) D:14         Depths (0/5) D:15
Gauntlet (visited)
    Elf: Orc:2

Altars:
Ashenzari
Cheibriados
Dithmenos
Elyvilon
Fedhas
Gozag
Hepliaklqana
Kikubaaqudgha
Makhleb
Nemelex Xobeh
Okawaru
Qazlal
Ru
Sif Muna
Trog
Uskayaw
Vehumet
Wu Jian
Xom
Yredelemnul
Zin
The Shining One

Shops:
D:6 =(*!   D:8 :   D:12 (   Orc:1 *

Annotations:
D:2 Sigmund
D:6 2 runed translucent doors, komi's ghost, novice MfGl
D:8 1 runed translucent door, Lobster4's ghost, novice GrVM
D:15 2 transporters, brae's ghost, adept HuBe
Lair:6 1 exclusion
Swamp:2 3 runed translucent doors, gimp's ghost, adept DEBr; suduhmizer's ghost, adept MiBe
Swamp:4 Roxanne
Orc:1 2 transporters, jasper's ghost, novice DsTm
Orc:2 Saint Roka


Innate Abilities, Weirdness & Mutations

Your life essence is reduced to manifest your ancestor. (-10% HP)
You are too large for most types of armour.
You have claws for hands.
Your natural rate of healing is unusually fast.
You are covered in fur. (AC +1)
You have tough skin. (AC +1)


Message History

You feel a bit more experienced. The goliath frog hits you from afar.
The acid corrodes you!
You are splashed with acid.
You resist. You block the goliath frog's attack.
You take 10 damage, and have 116/126 hp.
Aiming: Thunderbolt
Press: ? - help, Shift-Dir - straight line, p - goliath frog The thunderbolt hits the goliath frog!
The goliath frog is moderately wounded.
The thunderbolt hits the five-headed hydra!
The five-headed hydra is severely wounded.
The goliath frog hits you but does no damage.
You regained 2 hp, and now have 118/126 hp.
That's the wrong kind of item! (Use * to select it.) Evoke which item? (* to show all) (? for menu, Esc to quit)
Okay, then.
Unknown command.
You block the five-headed hydra's attack. x2
The five-headed hydra closely misses you.
The five-headed hydra bites you but does no damage.
The five-headed hydra misses you. The seven-headed hydra bites you!
The seven-headed hydra barely misses you.
The seven-headed hydra bites you! The seven-headed hydra bites you.
You block the seven-headed hydra's attack.
The seven-headed hydra barely misses you.
The seven-headed hydra bites you. The goliath frog hits you from afar!!
You are splashed with acid.
You resist.
You climb upwards.
There is a stone staircase leading down, spattered with blood here.
You take 58 damage, and have 60/126 hp.
MASSIVE DAMAGE!!
The five-headed hydra bites you!
The five-headed hydra barely misses you.
You block the five-headed hydra's attack. x2
The five-headed hydra misses you. The seven-headed hydra bites you!!
* * * LOW HITPOINT WARNING * * *
The seven-headed hydra bites you!
* * * LOW HITPOINT WARNING * * *
The seven-headed hydra barely misses you.
You block the seven-headed hydra's attack. x2
The seven-headed hydra bites you!
You die...

..≈≈≈≈.♣≈♣♣.≈≈≈.♣♣
≈≈≈≈≈≈♣♣♣♣≈≈≈≈≈..♣♣
.≈.♣♣.♣♣.♣≈≈.≈.≈≈.♣
♣♣♣♣..)≈≈≈.♣≈..≈≈≈♣
♣♣♣♣.≈≈......≈.).♣
♣≈.≈....≈≈≈.♣♣≈≈♣♣ ♣♣♣♣
♣♣≈≈♣..≈.≈.≈♣♣...♣ ♣♣♣≈.♣
.≈≈≈≈....≈...≈≈D.♣♣♣♣..≈.♣♣
≈≈≈≈≈###.≈.≈≈≈†D@.≈≈...≈..♣
≈≈≈....#.≈.≈≈≈≈......♣≈...♣
≈......#....≈....≈♣≈≈♣♣..♣♣
.......#..♣§≈≈.≈≈≈≈≈≈♣♣♣≈♣
...≈...#...≈≈..≈§≈≈≈≈≈♣♣♣♣
......"#..§≈≈.≈≈≈≈≈≈.♣♣
...#####.♣♣≈....≈≈≈..≈♣
)........♣♣♣≈.(≈§§..≈♣♣
.≈...♣♣♣♣♣≈[♣♣♣≈≈.≈♣♣♣


You could see a seven-headed hydra (strong, drained) and a five-headed hydra
(strong, drained).

Vanquished Creatures
  A tentacled monstrosity (Swamp:3)
  Jorgrun (Swamp:1)
  Frances (D:14)
  A fenstrider witch (Swamp:3)
  3 ghouls (Swamp:2)
  A stone giant (D:15)
  Nessos (Lair:5)
  Azrael (D:12)
  3 bunyips
  3 eleionomae
  3 boulder beetles
  A shambling mangrove (Swamp:2)
  10 hydras
  An ogre mage (D:14)
  2 catoblepae
  A death knight (D:14)
  3 ghost crabs
  3 centaur warriors
  6 two-headed ogres
  3 tengu warriors
  7 alligators
  7 death yaks (Lair:4)
  Urug (D:11)
  Sonja (D:11)
  7 spriggans
  A shadow wraith (D:14)
  6 goliath frogs
  A skeletal warrior (D:14)
  9 swamp dragons
  4 spriggan druids
  An obsidian statue (Gauntlet)
  5 bog bodies
  4 deep elf pyromancers
  A cyclops (D:12)
  3 oklob plants
  19 ugly things
  An orc knight (Orc:1)
  A moth of wrath (Lair:5)
  A will-o-the-wisp (Swamp:1)
  3 manticores
  16 elephants
  A torpor snail (Lair:3)
  13 cane toads
  Psyche (D:12)
  A rime drake (shapeshifter) (D:14)
  A gargoyle (D:10)
  3 yaktaurs (D:15)
  13 komodo dragons
  2 freezing wraiths
  A tengu conjurer (Gauntlet)
  An ice devil (Gauntlet)
  4 rime drakes
  2 demonic crawlers
  A queen bee (D:10)
  3 trolls
  4 polar bears
  A queen bee (shapeshifter) (D:14)
  6 tyrant leeches
  A wind drake (shapeshifter) (D:13)
  A meliai (shapeshifter) (D:13)
  12 hornets
  Prince Ribbit (D:6)
  11 slime creatures
  12 blink frogs
  11 yaks
  2 water elementals (D:15)
  10 basilisks
  A shadow (D:11)
  A wraith (D:14)
  4 fire elementals (D:12)
  5 wyverns
  13 vampire mosquitoes
  6 steam dragons
  4 acid dragons
  7 swamp worms
  5 nagas (Lair:3)
  14 water moccasins
  An acid dragon (shapeshifter) (D:15)
  3 swamp drakes
  A hell hound (D:12)
  Duvessa (D:6)
  4 black bears
  11 orc warriors
  3 ogres
  5 boggarts (D:14)
  A necrophage (D:5)
  12 wolves
  10 centaurs
  12 bullfrogs
  4 kobold brigands
  2 gnoll sergeants
  2 scorpions
  A wyvern skeleton (D:7)
  Dowan (D:6)
  19 killer bees (D:10)
  2 howler monkeys
  5 wights (D:8)
  8 electric eels
  4 centaur zombies
  A centaur skeleton (D:7)
  A jelly (shapeshifter) (D:14)
  2 gnoll shamans
  11 orc priests
  A hound (D:5)
  2 bullfrog skeletons (D:6)
  3 hexers
  4 iguanas
  5 orc wizards
  2 hound skeletons
  12 adders
  16 gnolls
  5 white imps
  An ufetubus (D:5)
  A worm (D:3)
  2 dart slugs
  50 orcs
  4 ball pythons
  5 bats
  8 endoplasms
  11 giant cockroaches
  11 goblins
  4 hobgoblins
  2 jackals (D:4)
  24 kobolds
  4 quokkas
  A frilled lizard (D:3)
  6 rats
638 creatures vanquished.

Vanquished Creatures (collateral kills)
  Nikola (Swamp:2)
  A thorn hunter (Swamp:4)
  A shambling mangrove (Swamp:2)
  A fire dragon (Lair:6)
  2 hydras
  A catoblepas (D:13)
  A ghost crab (Swamp:4)
  An alligator (Swamp:1)
  2 death yaks (Lair:4)
  A swamp dragon (Swamp:2)
  A death drake (Swamp:4)
  A spriggan druid (Swamp:3)
  An orc knight (Orc:1)
  3 elephants
  Maurice (D:11)
  A centaur zombie (D:10)
  A cane toad (Lair:3)
  4 komodo dragons
  A rime drake (Lair:3)
  A tyrant leech (Swamp:3)
  8 hornets
  2 blink frogs
  2 slime creatures
  7 spriggans
  6 yaks
  A vampire mosquito (D:13)
  A steam dragon (Lair:6)
  An acid dragon (Lair:6)
  A water moccasin (Lair:5)
  A warg (Orc:2)
  2 orc warriors (Orc:1)
  2 wolves
  An electric eel (D:10)
  A howler monkey (D:11)
  An orc priest (Orc:1)
  An iguana (Lair:6)
  3 orc wizards
  A howler monkey zombie (D:9)
  2 adders (Lair:1)
  8 orcs
79 creatures vanquished.

Vanquished Creatures (others)
  A hydra (Swamp:4)
  A goliath frog (Swamp:4)
  2 black mambas (Lair:1)
  An unseen horror (D:10)
  2 bloated husks
  40 hexers
  4 ancestors
  2 kobolds (D:10)
  2 foxfires (Swamp:1)
  50 fungi
  96 plants
  6 withered plants (Swamp:2)
207 creatures vanquished.

Grand Total: 924 creatures vanquished

Notes
Turn   | Place    | Note
-------+----------+-------------------------------------------
     0 | D:1      | gimp the Troll Fire Elementalist began the quest for the
                  | Orb.
     0 | D:1      | Reached XP level 1. HP: 16/16 MP: 1/1
   240 | D:1      | Reached skill level 1 in Unarmed Combat
   248 | D:1      | Reached XP level 2. HP: 24/24 MP: 2/2
  1060 | D:2      | Reached XP level 3. HP: 17/31 MP: 3/3
  1077 | D:2      | Reached skill level 2 in Unarmed Combat
  1224 | D:2      | Noticed Sigmund
  1421 | D:3      | Reached XP level 4. HP: 39/39 MP: 4/4
  1926 | D:3      | Reached skill level 3 in Unarmed Combat
  1931 | D:3      | Reached XP level 5. HP: 38/45 MP: 5/5
  2722 | D:5      | Entered Level 5 of the Dungeon
  2853 | D:5      | Reached skill level 4 in Unarmed Combat
  2853 | D:5      | Reached XP level 6. HP: 36/53 MP: 6/6
  3175 | D:5      | Reached skill level 5 in Unarmed Combat
  3352 | D:6      | Noticed Duvessa
  3353 | D:6      | Noticed Dowan
  3378 | D:6      | Killed Dowan
  3379 | D:6      | Reached XP level 7. HP: 59/59 MP: 7/7
  3383 | D:6      | Killed Duvessa
  3392 | D:6      | Reached skill level 5 in Dodging
  3586 | D:6      | Reached skill level 6 in Unarmed Combat
  3595 | D:6      | Reached XP level 8. HP: 28/67 MP: 8/8
  3649 | D:6      | Found a runed translucent door.
  3658 | D:6      | Noticed komi's ghost (novice MfGl)
  3674 | D:6      | Found Zuelore's Assorted Antiques.
  3682 | D:6      | Bought 3 potions of curing for 225 gold pieces
  3710 | D:6      | Found Miz Cugrut's Antique Weapon Shop.
  3712 | D:6      | Found Hidghid's Distillery.
  3731 | D:6      | Reached skill level 1 in Shields
  3731 | D:6      | Reached skill level 7 in Unarmed Combat
  3734 | D:6      | Noticed Prince Ribbit
  3864 | D:6      | Killed Prince Ribbit
  3886 | D:6      | Found a runed translucent door.
  4024 | D:6      | Found Xaasoces's Jewellery Emporium.
  4062 | D:6      | Noticed a cyclops
  4411 | D:7      | Reached XP level 9. HP: 74/74 MP: 9/9
  4525 | D:7      | Reached skill level 8 in Unarmed Combat
  4782 | D:7      | Found a staircase to the Ecumenical Temple.
  4833 | Temple   | Entered the Ecumenical Temple
  4904 | Temple   | Became a worshipper of Hepliaklqana the Forgotten
  5043 | D:8      | Found Yvacaucw's Book Emporium.
  5094 | D:8      | Paralysed by a hornet for 1 turns
  5100 | D:8      | Reached skill level 5 in Shields
  5381 | D:6      | Bought a dented diamond amulet for 125 gold pieces
  5504 | D:8      | Found a runed translucent door.
  5505 | D:8      | Noticed Lobster4's ghost (novice GrVM)
  5752 | D:8      | Reached * piety under Hepliaklqana
  6227 | D:9      | Reached skill level 9 in Unarmed Combat
  6653 | D:9      | Identified a scroll of acquirement
  6653 | D:9      | Acquired the ring of the Lotus Blossom {Fly rElec}
  6955 | D:10     | Entered Level 10 of the Dungeon
  6974 | D:10     | Reached XP level 10. HP: 17/72 MP: 10/10
  7067 | D:10     | Noticed a gargoyle
  7080 | D:10     | Killed a gargoyle
  7123 | D:10     | Found an iron altar of Okawaru.
  7124 | D:10     | Found a staircase to the Orcish Mines.
  7236 | D:10     | Noticed a four-headed hydra
  7236 | D:10     | Noticed a deep elf pyromancer
  7265 | D:10     | Killed a five-headed hydra
  7277 | D:10     | Killed a deep elf pyromancer
  7445 | D:10     | Reached skill level 10 in Unarmed Combat
  7843 | D:10     | Reached ** piety under Hepliaklqana
  7845 | D:10     | Remembered your ancestor Kenrick as a hexer
  8170 | D:11     | Noticed a two-headed ogre
  8175 | D:11     | Noticed Sonja
  8252 | D:11     | Killed a two-headed ogre
  8253 | D:11     | Reached skill level 11 in Unarmed Combat
  8253 | D:11     | Reached XP level 11. HP: 42/79 MP: 11/11
  8291 | D:11     | Killed Sonja
  8430 | D:11     | Noticed Urug
  8446 | D:11     | Killed Urug
  8565 | D:11     | Reached skill level 12 in Unarmed Combat
  8790 | D:11     | Found a staircase to the Lair.
  8989 | D:11     | Noticed Maurice
  9001 | D:11     | Killed Maurice
  9134 | D:12     | Noticed Psyche
  9143 | D:12     | Killed Psyche
  9477 | D:12     | Noticed a deep elf pyromancer
  9541 | Orc:1    | Entered Level 1 of the Orcish Mines
  9600 | Orc:1    | Reached skill level 13 in Unarmed Combat
  9646 | Orc:1    | Reached *** piety under Hepliaklqana
  9786 | Orc:1    | Found Ykloass's General Store.
  9806 | Orc:1    | Found a transporter.
  9950 | Orc:1    | Found a transporter.
  9953 | Orc:1    | Bought a scroll of acquirement for 780 gold pieces
  9953 | Orc:1    | Acquired the ring "Xaj Zee" {rPois rC+ Will+ Str+6 Int-5}
  9974 | Orc:1    | Noticed a deep troll
  9976 | Orc:1    | Noticed jasper's ghost (novice DsTm)
  9976 | Orc:1    | Noticed a two-headed ogre
  9985 | Orc:1    | Noticed a two-headed ogre
  9989 | Orc:1    | Found a bloodstained altar of Trog.
  9989 | Orc:1    | Noticed a stone giant
  9999 | Orc:1    | Noticed an orc knight
 10043 | Orc:1    | Noticed an orc knight
 10043 | Orc:1    | Noticed an orc knight
 10207 | Orc:1    | Killed an orc knight
 10229 | Orc:1    | Killed an orc knight
 10342 | Orc:2    | Entered Level 2 of the Orcish Mines
 10351 | Orc:2    | Reached XP level 12. HP: 83/86 MP: 12/12
 10416 | Orc:2    | Noticed Saint Roka
 10532 | Lair:1   | Entered Level 1 of the Lair of Beasts
 10750 | Lair:1   | Reached skill level 1 in Evocations
 10803 | Lair:1   | Reached **** piety under Hepliaklqana
 11433 | Lair:2   | Noticed a boulder beetle
 11480 | Lair:2   | Killed a boulder beetle
 12017 | Lair:2   | Reached skill level 14 in Unarmed Combat
 12176 | Lair:3   | Reached ***** piety under Hepliaklqana
 12265 | Lair:3   | Identified the ring of Youthful Indiscretion {Wiz rN+ Dex-3
                  | Stlth+}
 12444 | Lair:3   | Found a staircase to the Snake Pit.
 12923 | Lair:3   | Reached XP level 13. HP: 71/91 MP: 13/13
 13669 | Lair:4   | Reached skill level 5 in Evocations
 13848 | Lair:4   | Got the Incunabulum of the Secret Places
 14094 | Lair:4   | Reached skill level 10 in Dodging
 14242 | Lair:4   | Found a staircase to the Swamp.
 14294 | Lair:5   | Reached skill level 1 in Fighting
 14326 | Lair:5   | Found a gate leading to a gauntlet.
 14329 | Lair:5   | Noticed Nessos
 14335 | Gauntlet | Entered a Gauntlet
 14335 | Gauntlet | Found a transporter.
 14335 | Gauntlet | Found a runed translucent door.
 14335 | Gauntlet | Found a transporter.
 14335 | Gauntlet | Found a transporter.
 14335 | Gauntlet | Found a runed translucent door.
 14357 | Gauntlet | Found a transporter.
 14360 | Gauntlet | Found a transporter.
 14369 | Gauntlet | Found a transporter.
 14371 | Gauntlet | Found a transporter.
 14377 | Gauntlet | Found a runed translucent gate.
 14377 | Gauntlet | Found a runed translucent gate.
 14377 | Gauntlet | Found a runed translucent gate.
 14379 | Gauntlet | Found a transporter.
 14397 | Gauntlet | Found a transporter.
 14403 | Gauntlet | Found a transporter.
 14406 | Gauntlet | Found a transporter.
 14408 | Gauntlet | Found a runed translucent gate.
 14408 | Gauntlet | Found a runed translucent gate.
 14408 | Gauntlet | Found a runed translucent gate.
 14409 | Gauntlet | Found a large runed translucent door.
 14409 | Gauntlet | Found a large runed translucent door.
 14410 | Gauntlet | Found a large runed translucent door.
 14411 | Gauntlet | Found a large runed translucent door.
 14412 | Gauntlet | Found a large runed translucent door.
 14412 | Gauntlet | Found a large runed translucent door.
 14412 | Gauntlet | Found a runed translucent door.
 14412 | Gauntlet | Found a runed translucent door.
 14413 | Gauntlet | Found a large runed translucent door.
 14414 | Gauntlet | Found a large runed translucent door.
 14416 | Gauntlet | Found a transporter.
 14466 | Gauntlet | Found a large runed translucent door.
 14466 | Gauntlet | Found a large runed translucent door.
 14467 | Gauntlet | Found a large runed translucent door.
 14468 | Gauntlet | Found a large runed translucent door.
 14469 | Gauntlet | Found a large runed translucent door.
 14469 | Gauntlet | Found a large runed translucent door.
 14470 | Gauntlet | Found a large runed translucent door.
 14471 | Gauntlet | Found a large runed translucent door.
 14530 | Gauntlet | Identified the ring "Xoroar" {Fly rElec rPois Dex+2}
 14588 | Gauntlet | Reached skill level 15 in Unarmed Combat
 14592 | Gauntlet | Identified the ring of Ulydeuc {Ice *Slow Str+4 Int+2
                  | Dex+2}
 14650 | Gauntlet | Identified the +2 spear of the Demagogue {vorpal, rN+ MP+9}
 14650 | Gauntlet | Noticed a minotaur
 14659 | Gauntlet | Identified the +4 robe of Joppir Goluq {-Cast rElec SInv}
 15017 | Lair:5   | Killed Nessos
 15144 | Lair:4   | Reached XP level 14. HP: 110/110 MP: 14/14
 15804 | Lair:5   | Found a hide-covered altar of Uskayaw.
 16220 | Lair:6   | Entered Level 6 of the Lair of Beasts
 16234 | Lair:6   | Reached skill level 1 in Invocations
 16287 | Lair:6   | Noticed a rockslime
 16342 | Lair:6   | Found a staircase to the Slime Pits.
 16549 | Lair:6   | Reached ****** piety under Hepliaklqana
 16701 | Lair:6   | Reached skill level 5 in Fighting
 17195 | Lair:6   | Reached skill level 16 in Unarmed Combat
 17474 | Lair:6   | Reached skill level 5 in Invocations
 17587 | Lair:6   | Reached skill level 1 in Armour
 17741 | Lair:6   | Learned a level 1 spell: Apportation
 17984 | D:12     | Noticed Azrael
 18003 | D:12     | Killed Azrael
 18044 | D:12     | Found Etacua's Weapon Shop.
 19154 | D:14     | Reached XP level 15. HP: 83/119 MP: 19/19
 19469 | D:14     | Noticed Frances
 19481 | D:14     | Killed Frances
 19754 | D:14     | Found a gate to the Vaults.
 19806 | D:15     | Entered Level 15 of the Dungeon
 20111 | D:15     | Found a staircase to the Depths.
 20269 | D:15     | Reached skill level 5 in Armour
 20277 | D:15     | Found a transporter.
 20280 | D:15     | Found a transporter.
 20280 | D:15     | Noticed brae's ghost (adept HuBe)
 20679 | D:15     | Found a shimmering blue altar of Sif Muna.
 20714 | D:15     | Reached skill level 10 in Invocations
 21154 | Swamp:1  | Entered Level 1 of the Swamp
 21770 | Swamp:1  | Noticed Jorgrun
 21782 | Swamp:1  | Killed Jorgrun
 21813 | Swamp:1  | Identified the +1 leather armour of the Hunter {Slay+6}
 21996 | Swamp:2  | Found a runed translucent gate.
 21996 | Swamp:2  | Found a runed translucent gate.
 21996 | Swamp:2  | Found a runed translucent gate.
 22061 | Swamp:2  | Reached XP level 16. HP: 68/126 MP: 23/23
 22214 | Swamp:2  | Noticed Nikola
 22221 | Swamp:2  | Killed Nikola
 22706 | Swamp:2  | Noticed suduhmizer's ghost (adept MiBe)
 22707 | Swamp:2  | Noticed gimp's ghost (adept DEBr)
 23005 | Swamp:2  | Paralysed by a hornet for 3 turns
 23008 | Swamp:2  | HP: 5/126 [bog body (12)]
 23559 | Swamp:3  | Noticed a tentacled monstrosity
 23994 | Swamp:3  | Killed a tentacled monstrosity
 24035 | Swamp:3  | Acquired the amulet of Qeach {Reflect Regen+ Dex+2 SH+5}
 24290 | Swamp:4  | Entered Level 4 of the Swamp
 24290 | Swamp:4  | Identified Roxanne's Compendium of the Mountains
 24290 | Swamp:4  | Noticed Roxanne
 24391 | Swamp:4  | Noticed a thorn hunter
 24438 | Swamp:4  | Killed a thorn hunter
 24678 | Swamp:3  | Slain by a seven-headed hydra

Illustrated notes

Levels and vault maps discovered:
D:1:      dpeg_arrival_rooms_with_view, layout_basic
D:2:      layout_rooms, serial_shops, nicolae_shop_window_shopping,
          minmay_misc_feat_chi, minivault_19, uniq_crazy_yiuf_cottage,
          uniq_sigmund
D:3:      minmay_roachtagon, layout_loops_ring, hangedman_decor_peaks_small,
          minmay_quantized
D:4:      layout_loops_ring
D:5:      layout_gridville
D:6:      layout_rooms, serial_shops, nicolae_diamond_shop,
          nicolae_shop_crystal, shop, shop, ebering_ghost_sewer_f, uniq_duvessa,
          uniq_prince_ribbit1
D:7:      layout_loops_corners, temple_doors_cd
D:8:      layout_basic, hellmonk_ghost_happy_afterlife, serial_shops,
          nicolae_shop_statue_plus
D:9:      layout_basic
D:10:     layout_basic, nicolae_overflow_crystal_walls, david_orc_2,
          special_room [special_room_bee], serial_bayou_lagoon_a,
          lightli_fourway_metalbox
D:11:     layout_cave_pods, lair_entry_dummy, uniq_sonja, uniq_urug,
          uniq_maurice
D:12:     layout_small_grid, serial_shops, nicolae_shop_stone, uniq_psyche,
          uniq_azrael
D:13:     layout_loops_ring
D:14:     layout_long_grid, david_vaults_4, uniq_frances
D:15:     grunt_enter_depths_snipers, layout_basic, gammafunk_ghost_arena,
          nicolae_sif_muna_condensation
Temple:   compressed_dpeg_triangle_lava_temple
Lair:1:   minmay_lair_venomous_thicket, layout_cave_shapes, serial_bayou_ford_a,
          nicolae_lair_grove_arrangements
Lair:2:   layout_long_grid
Lair:3:   layout_small_grid, minmay_snake_entry_guardpost_medium,
          minmay_lair_oklob_chamber, grunt_megastairs_4,
          infiniplex_staircase_pool
Lair:4:   layout_small_grid, palyth_hydra_swamp_entry, serial_bayou_shore_b
Lair:5:   layout_layer_cave, basic_altar, gauntlet_entry_generic, worms_lemuel,
          uniq_nessos
Lair:6:   guppyfry_lair_end_dragon, layout_cave_pods, wormcave, slime_dummy,
          special_room [special_room_jelly], grunt_megastairs_5
Swamp:1:  layout_basic_swamp, hangedman_swamp_pad, swamp_pool2, uniq_jorgrun
Swamp:2:  layout_basic_swamp, gammafunk_ghost_cemetery,
          nicolae_swamp_round_clearing, nicolae_swamp_treefoil, ldierk_geyser,
          swamp_pool1, uniq_nikola
Swamp:3:  layout_basic_swamp, evilmike_swamp_ruin_house_2
Swamp:4:  swamp_basic_johnstein, layout_basic_swamp, uniq_roxanne
Orc:1:    cheibrodos_orc_arena, layout_caves, serial_shops, shop_fountains,
          gammafunk_ghost_wrathful_warriors
Orc:2:    st_orc_congregation, layout_caves, uniq_saint_roka

Skill      XL: |  1  2  3  4  5  6  7  8  9 10 11 12 13 14 15 16 |
---------------+-------------------------------------------------+-----
Unarmed Combat | 1 2 3 4 5 6 7 9 11 13 14 15 16 | 16.2
Dodging        | 2 3 4 6 7 9 10 | 10.0
Shields        | 4 7 9 |  9.0
Evocations     | 4 6 7 |  7.0
Fighting       | 4 5 |  5.0
Invocations    | 7 11 13 | 13.7
Armour         | 3 6 8 |  8.7
Stealth        | |  1.0
Spellcasting   | |  1.2
Conjurations   | |  0.6
Fire Magic     | |  2.1

Action                   |  1- 3 |  4- 6 |  7- 9 | 10-12 | 13-15 | 16-18 || total
-------------------------+-------+-------+-------+-------+-------+-------++-------
Melee: Unarmed           |   109 |   191 |   343 |   820 |  1085 |   321 ||  2869
       Punch             |     1 |     1 |     5 |       |       |       ||     7
Throw: Dart              |       |     5 |       |     3 |       |       ||     8
 Cast: Apportation       |       |       |       |       |     4 |       ||     4
Invok: Ancestor Life: He |       |       |       |     1 |       |       ||     1
       Recall Ancestor   |       |       |       |     1 |     4 |     3 ||     8
       Transference      |       |       |       |       |     1 |     5 ||     6
       Idealise          |       |       |       |       |     2 |     5 ||     7
Evoke: Wand              |       |       |     5 |    22 |    31 |    22 ||    80
       Lightning rod     |       |       |       |       |    10 |     6 ||    16
  Use: Potion            |       |     6 |     4 |     1 |     4 |     2 ||    17
       Scroll            |       |       |    15 |     7 |     7 |    10 ||    39
 Stab: Sleeping          |     3 |     2 |     1 |     2 |       |       ||     8
       Invisible         |       |     1 |     1 |       |     4 |       ||     6
       Distracted        |       |       |       |     5 |    10 |     4 ||    19
       Confused          |       |       |       |     6 |    11 |     3 ||    20
       Petrified         |       |       |       |       |     2 |       ||     2
       Paralysed         |       |       |       |       |    12 |    20 ||    32
Armor: Robe              |    29 |    68 |    86 |   140 |   120 |       ||   443
       Skin              |       |     5 |    41 |    13 |       |       ||    59
       Fire dragon scale |       |       |       |       |    95 |    66 ||   161
Dodge: Dodged            |    41 |   109 |   150 |   325 |   406 |   103 ||  1134
       Repelled          |       |     2 |     1 |    11 |     1 |       ||    15
Block: Kite shield       |       |       |    57 |   362 |   551 |   157 ||  1127
       Reflection        |       |       |       |       |       |     2 ||     2
